 Dungeon Crawl Stone Soup version 0.21.1-1-g345015fe64 (webtiles) character file.

239 Freyura the Ducker (level 6, -4/53 HPs)
             Began as a Gnoll Monk on May 10, 2018.
             Was a Believer of Dithmenos.
             Slain by Tegun's ghost (6 damage)
             ... on level 3 of the Dungeon.
             The game lasted 00:09:23 (2266 turns).

Freyura the Ducker (Gnoll Monk)                     Turns: 2266, Time: 00:09:24

Health: -4/53      AC:  3    Str: 14    XL:     6   Next: 7%
Magic:  8/8        EV: 17    Int: 16    God:    Dithmenos [**....]
Gold:   169        SH:  0    Dex: 19    Spells: 8/8 levels left

rFire    + . .     SeeInvis .   k - +0 short sword
rCold    . . .     Gourm    .   (no shield)
rNeg     . . .     Faith    .   b - +0 robe
rPois    .         Spirit   .   h - +0 helmet
rElec    .         Reflect  .   (no cloak)
rCorr    .         Harm     .   (no gloves)
MR       .....                  (no boots)
Stlth    ++++......             (no amulet)
HPRegen  0.17/turn              e - +4 ring of intelligence
MPRegen  0.11/turn              f - ring of protection from fire

@: wreathed by umbra
A: distributed training, fangs 1, strong nose
a: Shadow Step, Renounce Religion


You were on level 3 of the Dungeon.
You worshipped Dithmenos.
Dithmenos was pleased with you.
You were hungry.

You visited 1 branch of the dungeon, and saw 3 of its levels.

You collected 169 gold pieces.

Inventory:

Hand Weapons
 a - a +0 hand axe
 k - a +0 short sword (weapon)
Armour
 b - a +0 robe (worn)
 h - a +0 helmet (worn)
Jewellery
 e - a +4 ring of intelligence (left hand)
 f - a ring of protection from fire (right hand)
Scrolls
 c - 3 scrolls of identify {unknown}
 g - 2 scrolls of teleportation {unknown}
 i - a scroll of enchant armour {unknown}
Potions
 d - a potion of mutation {unknown}
 j - 2 potions of curing {unknown}
 l - a potion of ambrosia {unknown}
 m - a potion of haste {unknown}
 n - 2 potions of degeneration {unknown}
 o - a potion of invisibility {unknown}
Comestibles
 p - a ration


   Skills:
 + Level 6.7 Fighting
 + Level 1.7 Short Blades
 + Level 1.7 Long Blades
 + Level 6.7 Axes
 + Level 1.7 Maces & Flails
 + Level 1.7 Polearms
 + Level 1.7 Staves
 + Level 1.7 Slings
 + Level 1.7 Bows
 + Level 1.7 Crossbows
 + Level 1.7 Throwing
 + Level 1.7 Armour
 + Level 6.7 Dodging
 + Level 4.5 Stealth
 + Level 1.7 Shields
 + Level 1.7 Unarmed Combat
 + Level 1.7 Spellcasting
 + Level 1.3 Conjurations
 + Level 1.3 Hexes
 + Level 1.3 Charms
 + Level 1.3 Summonings
 + Level 1.3 Necromancy
 + Level 1.3 Translocations
 + Level 1.3 Transmutations
 + Level 1.3 Fire Magic
 + Level 1.3 Ice Magic
 + Level 1.3 Air Magic
 + Level 1.3 Earth Magic
 + Level 1.3 Poison Magic
 + Level 2.0 Invocations
 + Level 1.7 Evocations


You had 8 spell levels left.
You didn't know any spells.

Dungeon Overview and Level Annotations

Branches:
Dungeon (3/15)

Altars:
Dithmenos

Annotations:
D:3 Tegun's ghost, amateur DsFi


Innate Abilities, Weirdness & Mutations

Your experience applies equally to all skills.
You have very sharp teeth.
Your uncanny sense of smell can sniff out nearby items.


Message History

Tegun's ghost is lightly damaged.
Tegun's ghost hits you!
You hit Tegun's ghost.
Tegun's ghost is lightly damaged.
Tegun's ghost hits you!
You hit Tegun's ghost but do no damage.
You bite Tegun's ghost, but do no damage.
Tegun's ghost is lightly damaged.
Tegun's ghost hits you!
* * * LOW HITPOINT WARNING * * *
Tegun's ghost completely misses you.
You hit Tegun's ghost but do no damage.
You bite Tegun's ghost, but do no damage.
Tegun's ghost is lightly damaged.
Tegun's ghost hits you!
* * * LOW HITPOINT WARNING * * *
You hit Tegun's ghost but do no damage.
Tegun's ghost is lightly damaged.
Tegun's ghost hits you.
You die...

#.##.##.#..## #####.#
#.##.##.#.## ## #.#
#.##.....## ##. #.#
#.##.##.#.## ##.### #.#
#.##.##....###....# #.#
#...........#...#.####.#
####..♣.P..............#
#PP♣♣P..............# ..♣
♣...W@.....####.# .P
♣♣....(......##.# .
♣♣P.............#
...PP..(.....##.##.######
....PP.....##.............
.##.#####........##..#####
# ##.###.##.......#..
#...##.##.##..#.#.#
#...##........#.#.#


You could see Tegun's ghost.

Vanquished Creatures
  Sigmund (D:2)
  Robin (D:2)
  An adder (D:2)
  2 worms (D:2)
  4 dart slugs
  A leopard gecko (D:3)
  An orc (D:3)
  2 giant cockroaches (D:1)
  9 goblins
  14 hobgoblins
  A quokka (D:2)
  5 bats
  3 frilled lizards (D:1)
  5 kobolds
  4 rats
54 creatures vanquished.

Notes
Turn   | Place    | Note
-------+----------+-------------------------------------------
     0 | D:1      | Freyura the Gnoll Monk began the quest for the Orb.
     0 | D:1      | Reached XP level 1. HP: 23/23 MP: 1/1
   117 | D:1      | Reached XP level 2. HP: 21/29 MP: 2/2
   269 | D:1      | Reached XP level 3. HP: 30/35 MP: 3/3
   922 | D:2      | Found a shadowy altar of Dithmenos.
   932 | D:2      | Became a worshipper of Dithmenos the Shadowed
   932 | D:2      | Reached * piety under Dithmenos
   932 | D:2      | Reached ** piety under Dithmenos
   977 | D:2      | Noticed Sigmund
   993 | D:2      | Killed Sigmund
   993 | D:2      | Reached skill level 1 in Short Blades
   993 | D:2      | Reached skill level 1 in Long Blades
   993 | D:2      | Reached skill level 1 in Maces & Flails
   993 | D:2      | Reached skill level 1 in Polearms
   993 | D:2      | Reached skill level 1 in Staves
   993 | D:2      | Reached skill level 1 in Slings
   993 | D:2      | Reached skill level 1 in Bows
   993 | D:2      | Reached skill level 1 in Crossbows
   993 | D:2      | Reached skill level 1 in Throwing
   993 | D:2      | Reached skill level 1 in Armour
   993 | D:2      | Reached skill level 1 in Shields
   993 | D:2      | Reached skill level 1 in Unarmed Combat
   993 | D:2      | Reached skill level 1 in Spellcasting
   993 | D:2      | Reached skill level 1 in Conjurations
   993 | D:2      | Reached skill level 1 in Hexes
   993 | D:2      | Reached skill level 1 in Charms
   993 | D:2      | Reached skill level 1 in Summonings
   993 | D:2      | Reached skill level 1 in Necromancy
   993 | D:2      | Reached skill level 1 in Translocations
   993 | D:2      | Reached skill level 1 in Transmutations
   993 | D:2      | Reached skill level 1 in Fire Magic
   993 | D:2      | Reached skill level 1 in Ice Magic
   993 | D:2      | Reached skill level 1 in Air Magic
   993 | D:2      | Reached skill level 1 in Earth Magic
   993 | D:2      | Reached skill level 1 in Poison Magic
   993 | D:2      | Reached skill level 1 in Invocations
   993 | D:2      | Reached skill level 1 in Evocations
   993 | D:2      | Reached XP level 4. HP: 24/41 MP: 4/6
   993 | D:2      | Reached XP level 5. HP: 28/47 MP: 4/7
  1331 | D:2      | Noticed Robin
  1376 | D:2      | Killed Robin
  1430 | D:2      | Reached XP level 6. HP: 15/53 MP: 8/8
  2255 | D:3      | Noticed Tegun's ghost (amateur DsFi)
  2265 | D:3      | HP: 2/53 [Tegun's ghost (8)]
  2266 | D:3      | Slain by Tegun's ghost

Skill      XL: |  1  2  3  4  5  6 |
---------------+-------------------+-----
Short Blades   | 1 |  1.7
Long Blades    | 1 |  1.7
Maces & Flails | 1 |  1.7
Polearms       | 1 |  1.7
Staves         | 1 |  1.7
Slings         | 1 |  1.7
Bows           | 1 |  1.7
Crossbows      | 1 |  1.7
Throwing       | 1 |  1.7
Armour         | 1 |  1.7
Shields        | 1 |  1.7
Unarmed Combat | 1 |  1.7
Spellcasting   | 1 |  1.7
Conjurations   | 1 |  1.3
Hexes          | 1 |  1.3
Charms         | 1 |  1.3
Summonings     | 1 |  1.3
Necromancy     | 1 |  1.3
Translocations | 1 |  1.3
Transmutations | 1 |  1.3
Fire Magic     | 1 |  1.3
Ice Magic      | 1 |  1.3
Air Magic      | 1 |  1.3
Earth Magic    | 1 |  1.3
Poison Magic   | 1 |  1.3
Invocations    | 1 2 |  2.0
Evocations     | 1 |  1.7
Fighting       | |  6.7
Axes           | |  6.7
Dodging        | |  6.7
Stealth        | |  4.5

Action                   |  1- 3 |  4- 6 || total
-------------------------+-------+-------++-------
Melee: Hand axe          |    64 |       ||    64
       Bite              |    10 |     9 ||    19
       Short sword       |    12 |    92 ||   104
       Punch             |     1 |     2 ||     3
 Stab: Sleeping          |    10 |     3 ||    13
  Eat: Ration            |       |     1 ||     1
Armor: Robe              |     7 |     8 ||    15
Dodge: Dodged            |    61 |    80 ||   141
